 Dungeon Crawl Stone Soup version 0.20.1-1-g8b1a95d (webtiles) character file.

55 renl the Skirmisher (level 3, 0/29 HPs)
             Began as a Demonspawn Fighter on July 19, 2017.
             Slain by a gnoll
             ... wielding a +0 spear
              (7 damage)
             ... on level 2 of the Dungeon.
             The game lasted 00:03:18 (1450 turns).

renl the Skirmisher (Demonspawn Fighter)            Turns: 1450, Time: 00:03:18

Health: 0/29       AC: 11    Str: 17    XL:     3   Next: 67%
Magic:  3/3        EV:  7    Int:  9    God:
Gold:   74         SH:  9    Dex: 12    Spells: 2/2 levels left

rFire    . . .     SeeInvis .   a - +0 long sword
rCold    . . .     Gourm    .   c - +0 shield
rNeg     . . .     Faith    .   b - +0 scale mail
rPois    .         Spirit   .   p - +0 helmet
rElec    .         Reflect  .   l - +0 cloak
rCorr    .         Harm     .   (no gloves)
MR       .....                  (no boots)
Stlth    ..........             (no amulet)
Regen    0.1/turn               (no ring)
MPRegen  0.1/turn               (no ring)

@: no status effects
A: icy blue scales 1
a: no special abilities


You were on level 2 of the Dungeon.
You were not hungry.

You visited 1 branch of the dungeon, and saw 2 of its levels.

You collected 74 gold pieces.

Inventory:

Hand Weapons
 a - a +0 long sword (weapon)
Missiles
 j - 2 tomahawks (quivered)
 q - 2 tomahawks of dispersal
Armour
 b - a +0 scale mail (worn)
 c - a +0 shield (worn)
 l - a +0 cloak (worn)
 p - a +0 helmet (worn)
Scrolls
 g - a scroll of fear {unknown}
 h - 2 scrolls of teleportation {unknown}
 i - a scroll of identify {unknown}
 m - a scroll of enchant weapon {unknown}
Potions
 d - a potion of might
 e - a potion of brilliance {unknown}
 k - a potion of magic {unknown}
 o - a potion of degeneration {unknown}
Comestibles
 f - 2 bread rations
 n - a royal jelly
 r - 4 chunks of flesh


   Skills:
 + Level 3.3 Fighting
 + Level 2.4 Long Blades
 + Level 3.2 Armour
 + Level 3.1 Shields


You had 2 spell levels left.
You didn't know any spells.

Dungeon Overview and Level Annotations

Branches:
Dungeon (2/15)

Altars:
Gozag
Kikubaaqudgha


Innate Abilities, Weirdness & Mutations

You are partially covered in icy blue scales. (AC +2)


Message History

You block the gnoll's attack. x3; The gnoll hits you with a spear.
You hit the gnoll but do no damage.
The gnoll is heavily wounded.
You block the gnoll's attack.
The gnoll hits you but does no damage. x4
You hit the gnoll but do no damage.
The gnoll is heavily wounded.
The gnoll hits you with a spear. You block the gnoll's attack.
The gnoll hits you but does no damage.
You hit the gnoll.
The gnoll is almost dead.
The gnoll barely misses you.
You riposte.
You hit the gnoll.
The gnoll is almost dead.
The gnoll hits you but does no damage. You block the gnoll's attack.
The gnoll hits you but does no damage.
You hit the gnoll but do no damage.
The gnoll is almost dead.
You block the gnoll's attack. The gnoll hits you with a whip.
* * * LOW HITPOINT WARNING * * *
The gnoll hits you with a spear!
You die...

# #...........#....##...........#
###...........#....##.....#.....#
'.............#....##.....##...##
#######.......#....##...#.###.###
..... +.......#....##...#........
##### #.......#....##...##..#####
###+#'###....##.......#
########+#.# #ggg.####..>..#####
#..........# ##@######.....'....
#....(.....# #.....##.....#####
#..........# #.....##.)...####.
#..........# #.....##.....##.#.
##..........# #.....######.##...
......#####.####.....# #.##.#.
......# #.#.....##.# #.#....
......#####.#.###.##.######.#..♣.
##........#.#.#..........##.#.♣_♣


You could see 3 gnolls.

Vanquished Creatures
  An adder (D:2)
  An ooze (D:1)
  3 worms (D:2)
  A dart slug (D:1)
  2 ball pythons
  A bat (D:1)
  A giant cockroach (D:1)
  5 goblins (D:1)
  3 hobgoblins
  4 jackals (D:1)
  2 kobolds (D:1)
  7 rats
31 creatures vanquished.

Notes
Turn   | Place    | Note
-------+----------+-------------------------------------------
     0 | D:1      | renl the Demonspawn Fighter began the quest for the Orb.
     0 | D:1      | Reached XP level 1. HP: 18/18 MP: 1/1
   157 | D:1      | Gained mutation: You are partially covered in icy blue scales. (AC +2) [demonic ancestry]
   157 | D:1      | Reached XP level 2. HP: 22/24 MP: 2/2
   373 | D:1      | Reached XP level 3. HP: 26/29 MP: 3/3
   932 | D:2      | Found an opulent altar of Gozag.
  1115 | D:2      | Found a faded altar of an unknown god.
  1179 | D:2      | Found an ancient bone altar of Kikubaaqudgha.
  1450 | D:2      | Slain by a gnoll

Skill      XL: |  1  2 |
---------------+-------+-----
Armour         | 3 |  3.2
Long Blades    | 2 |  2.4
Shields        | 3 |  3.1
Fighting       | |  3.3

Action                   || total
-------------------------++-------
Melee: Long sword        ||   109
Throw: Tomahawk          ||     4
  Eat: Chunk             ||     2
Armor: Scale mail        ||    40
Dodge: Dodged            ||    26
Block: Shield            ||    62
       Rpst.: Long sword ||    11
